 Dungeon Crawl Stone Soup version 0.25-a0-697-g890751e744 (webtiles) character file.

Game seed: 15779104107389700895, levelgen mode: deterministic

206885 Inarius the Earth Mage (level 19, -4/132 HPs)
             Began as a Human Earth Elementalist on Mar 31, 2020.
             Was the Champion of Vehumet.
             Hit by a javelin thrown by a merfolk javelineer (16 damage)
             ... on level 4 of the Shoals on Apr 1, 2020.
             The game lasted 02:15:51 (42589 turns).

Inarius the Earth Mage (Human Earth Elementalist)  Turns: 42589, Time: 02:15:51

Health: -4/132     AC: 16    Str: 10    XL:     19   Next: 44%
Magic:  24/47      EV:  9    Int: 30    God:    Vehumet [******]
Gold:   511        SH:  0    Dex: 27    Spells: 11/48 levels left

rFire    . . .     SeeInvis +   D - +6 scimitar of Boazuc {protect, Dex+4}
rCold    + + +     Gourm    .   G - +0 kite shield {rC+}
rNeg     . . .     Faith    .   k - +2 troll leather armour
rPois    .         Spirit   .   m - +0 helmet "Ypuom" {Dex+7}
rElec    .         Reflect  +   I - +0 cloak of the Miller {rC++} (curse)
rCorr    .         Harm     .   Y - +2 pair of gloves {Dex+3}
MR       ++...                  Z - +0 pair of boots of Comp {+Blink}
Stlth    +++.......             h - +2 amulet of reflection
HPRegen  0.72/turn              b - ring of see invisible
MPRegen  0.30/turn              W - ring "Ucvykakh" {*Drain MR+ MP+9 Int+7}

@: lethally poisoned (-4 -> -55), barbed spikes, held, studying Spellcasting
A: no striking features
}: 1/15 runes: gossamer
a: Renounce Religion, Evoke Blink


You were on level 4 of the Shoals.
You worshipped Vehumet.
Vehumet was exalted by your worship.
You were not hungry.

You visited 6 branches of the dungeon, and saw 32 of its levels.
You also visited: Ossuary, Bailey, Gauntlet and Ice Cave.

You collected 3670 gold pieces.
You spent 3159 gold pieces at shops.

Inventory:

Hand Weapons
 D - the +6 scimitar of Boazuc (weapon) {protect, Dex+4}
   (You bought it in a shop on level 5 of the Dungeon)

   It grants its wielder temporary protection when it strikes (+7 to AC).
   It affects your dexterity (+4).
Armour
 c - the +3 leather armour of Pubropec {rElec rF- Str-2 Dex+6}
   (You found it in a Gauntlet)

   It affects your strength (-2).
   It affects your dexterity (+6).
   It makes you vulnerable to fire.
   It insulates you from electricity.
 k - a +2 troll leather armour (worn)
 m - the +0 helmet "Ypuom" (worn) {Dex+7}
   (You took it off Robin on level 2 of the Dungeon)

   It affects your dexterity (+7).
 n - a +2 leather armour of poison resistance
 G - a +0 kite shield of cold resistance (worn)
 I - the cursed +0 cloak of the Miller (worn) {rC++}
   (You found it on level 2 of the Shoals)

   It greatly protects you from cold.
   It has a curse placed upon it.
 T - a +2 leather armour of fire resistance
 Y - a +2 pair of gloves of dexterity (worn)
 Z - the +0 pair of boots of Comp (worn) {+Blink}
   (You found it in a Gauntlet)

   It lets you blink.
Magical Staves
 H - an uncursed staff of poison
Jewellery
 b - a ring of see invisible (left hand)
 g - the amulet of the Saviour {RegenMP MR++ Slay+3 Stlth-}
   (You acquired it on level 2 of the Shoals)

   [amulet of magic regeneration]

   It increases your magic regeneration.
   It affects your accuracy and damage with ranged weapons and melee attacks
   (+3).
   It affects your resistance to hostile enchantments.
   It makes you less stealthy.
 h - a +2 amulet of reflection (around neck)
 z - an uncursed amulet of rage {unknown}
 P - the ring of Saschuto {Wiz rN++ Str+3}
   (You found it on level 3 of the Shoals)

   [ring of wizardry]

   It improves your spell success rate.
   It affects your strength (+3).
   It greatly protects you from negative energy.
 R - the ring "Hyrul" {rF+ Stlth-}
   (You found it on level 11 of the Dungeon)

   [ring of attention]

   It protects you from fire.
   It makes you less stealthy.
 S - an uncursed ring of protection from magic
 W - the ring "Ucvykakh" (right hand) {*Drain MR+ MP+9 Int+7}
   (You found it in a Gauntlet)

   [ring of magical power]

   It affects your intelligence (+7).
   It affects your resistance to hostile enchantments.
   It affects your magic capacity (+9).
   It causes draining when unequipped.
Wands
 a - a wand of paralysis (4)
 o - a wand of enslavement (6)
 r - a wand of acid (15)
 x - a wand of disintegration (31)
 K - a wand of iceblast (32)
 M - a wand of digging (3)
 N - a wand of clouds (3)
 Q - a wand of polymorph (18)
Scrolls
 f - 25 scrolls of teleportation
 j - 12 scrolls of remove curse
 s - 3 scrolls of fog
 w - 12 scrolls of enchant armour
 y - 4 scrolls of summoning
 F - a scroll of immolation
 L - 3 scrolls of magic mapping
 O - 2 scrolls of holy word
Potions
 i - 2 potions of mutation
 l - 7 potions of haste
 p - 8 potions of might
 q - 5 potions of invisibility
 u - 3 potions of cancellation
 v - 2 potions of brilliance
 A - 3 potions of lignification
 B - 5 potions of magic
 C - 3 potions of resistance
 E - 16 potions of curing
 V - 5 potions of flight
 X - 5 potions of ambrosia
Books
 e - a manual of Spellcasting
Miscellaneous
 U - a lightning rod (4/4)
Comestibles
 d - 60 rations


   Skills:
 + Level 7.0 Fighting
   Level 1.4(4.5) Short Blades
 - Level 6.9(7.0) Long Blades
 - Level 0.2 Staves
 + Level 12.1 Armour
 + Level 7.2 Dodging
 - Level 2.0 Stealth
 * Level 5.7 Shields
 + Level 15.4 Spellcasting
 * Level 11.1 Conjurations
 - Level 4.2 Translocations
 + Level 1.0 Transmutations
 + Level 0.9 Ice Magic
 * Level 19.7 Earth Magic
 - Level 8.0 Evocations


You had 11 spell levels left.
You knew the following spells:

 Your Spells              Type           Power        Failure   Level  Hunger
a - Spellforged Servitor  Conj/Summ      ######....   83%         7    #####..
c - Lee's Rapid Deconstr  Erth           #######...   1%          5    None
d - Petrify               Tmut/Erth      ######..     1%          4    None
e - Hailstorm             Conj/Ice       ######..     1%          4    None
f - Blink                 Tloc           N/A          2%          2    None
g - Iron Shot             Conj/Erth      #######...   1%          6    ###....
h - Shatter               Erth           #######...   50%         9    #######

Your spell library contained the following spells:

 Spells                   Type           Power        Failure   Level  Hunger
 Orb of Destruction       Conj           ######....   17%         7    #####..
 Sandblast                Erth           ######       0%          1    None
 Magic Dart               Conj           ####         1%          1    None
 Passwall                 Tmut/Erth      ######..     1%          2    None
 Conjure Flame            Conj/Fire      ######..     1%          3    None
 Dazzling Flash           Conj/Hex       ######       1%          3    None
 Mephitic Cloud           Conj/Pois/Air  #####...     1%          3    None
 Stone Arrow              Conj/Erth      ######       1%          3    None
 Leda's Liquefaction      Hex/Erth       ######....   1%          4    None
 Bolt of Magma            Conj/Fire/Erth ######....   1%          5    None
 Gell's Gravitas          Tloc           #####.....   4%          3    None
 Beastly Appendage        Tmut           ####..       5%          1    None
 Animate Skeleton         Necr           N/A          9%          1    None
 Corona                   Hex            ###....      9%          1    None
 Pain                     Necr           ###.         9%          1    None
 Summon Small Mammal      Summ           ###.         9%          1    None
 Sticks to Snakes         Tmut           ####....     9%          2    None
 Ensorcelled Hibernation  Hex/Ice        ####..       11%         2    None
 Portal Projectile        Hex/Tloc       #####.       11%         3    None
 Call Imp                 Summ           ###.....     12%         2    None
 Corpse Rot               Necr/Air       N/A          12%         2    None
 Slow                     Hex            ###.....     12%         2    None
 Statue Form              Tmut/Erth      ######...    19%         6    ###....
 Spider Form              Tmut/Pois      ####......   21%         3    None
 Call Canine Familiar     Summ           ###.....     24%         3    None
 Confusing Touch          Hex            ###.....     24%         3    None
 Summon Guardian Golem    Hex/Summ       ###.....     24%         3    None
 Tukima's Dance           Hex            ###.....     24%         3    None
 Vampiric Draining        Necr           ###.......   24%         3    None
 Ice Form                 Ice/Tmut       ####....     50%         4    None
 Summon Ice Beast         Ice/Summ       ####....     56%         4    None
 Animate Dead             Necr           N/A          63%         4    None
 Summon Lightning Spire   Summ/Air       ###.....     63%         4    None
 Blade Hands              Tmut           ####......   83%         5    None
 Dispersal                Tloc           #####.....   91%         6    ###....
 Agony                    Necr           ###.....     92%         5    None
 Silence                  Hex/Air        ###.......   92%         5    None
 Darkness                 Hex            ###.......   100%        6    ###....
 Controlled Blink         Tloc           N/A          100%        8    ######.
 Disjunction              Tloc           #####.....   100%        8    ######.


Dungeon Overview and Level Annotations

Branches:
Dungeon (15/15)            Temple (1/1) D:7            Lair (6/6) D:9
 Shoals (4/4) Lair:4       Spider (4/4) Lair:2        Slime (0/5) Lair:6
    Orc (2/2) D:9             Elf (0/3) Orc:2        Vaults (0/5) D:13
 Depths (0/5) D:15        Ossuary (visited)          Bailey (visited)
  IceCv (visited)         Gauntlet (visited)

Altars:
Cheibriados
Dithmenos
Elyvilon
Fedhas
Gozag
Hepliaklqana
Kikubaaqudgha
Makhleb
Nemelex Xobeh
Okawaru
Qazlal
Ru
Sif Muna
Trog
Uskayaw
Vehumet
Wu Jian
Xom
Yredelemnul
Zin
The Shining One
Beogh
Jiyva

Shops:
D:5 (   D:7 :   D:14 }   Orc:2 ((*[   Shoals:1 (   Shoals:2 :   Shoals:3 *

Annotations:
Lair:6 3 runed translucent doors, Iblaz's ghost, journeyman OpHu; Usuyrph's ghost, journeyman CeBe


Message History

Unknown command.
Unknown command.
Unknown command.
Unknown command.
Casting: Iron Shot (safe; 1% risk of failure)
Confirm with . or Enter, or press ? or * to list all spells.
Aiming: Iron Shot (safe; 1% risk of failure)
Press: ? - help, Shift-Dir - straight line, f/p - sea snake
Aim: a sea snake (severely wounded)
The iron shot hits the sea snake!!!
You kill the sea snake!
Vehumet accepts your kill.
You feel your power returning.
* * * LOW HITPOINT WARNING * * *
You feel very sick. The harpy claws you but does no damage.
The harpy completely misses you.
The merfolk impaler hits you but does no damage.
The merfolk javelineer throws a javelin.
The javelin pierces through you!
You die...

≈.... ≈...t. #m.....
##≈≈.....
.#######≈≈≈.....
≈P≈P≈≈≈≈≈≈(()...
.PP≈≈≈≈P≈≈≈≈≈....
≈≈≈≈≈≈.mH@†.E(E#
.≈≈≈≈..).(H...#≈.
.......)m)(..#.#
.m"..(.....÷...#t#
.$..............# ..
$....≈...≈......((.#
≈#
.....≈≈...##.......#
≈≈
.....≈≈≈≈.##....(..#
≈
...≈≈≈≈≈≈......≈≈..##


You could see a merfolk impaler, a merfolk javelineer, 2 snapping turtles, a
merfolk, a manticore, 2 water elementals and a harpy.

Vanquished Creatures
  Saint Roka (Orc:2)
  Arachne (Spider:2)
  Rupert (Lair:5)
  2 krakens
  Kirke (Shoals:1)
  Agnes (D:15)
  A frost giant (IceCv)
  An orc warlord (Orc:1)
  7 emperor scorpions
  3 ghost moths (Spider:4)
  An entropy weaver (Spider:4)
  A green draconian (Spider:2)
  The ghost of zkyp the Nimble, a journeyman DsAM of Gozag (Lair:3)
  A minotaur (Gauntlet)
  6 merfolk javelineers
  Snorg (Lair:3)
  4 merfolk impalers (Shoals:3)
  2 fire dragons (D:15)
  3 hydras
  A vault guard (D:13)
  3 merfolk avatars
  A merfolk aquamancer (Shoals:4)
  A satyr (Shoals:3)
  10 death yaks
  An alligator snapping turtle (Shoals:3)
  3 centaur warriors
  8 two-headed ogres
  5 catoblepae
  An orc high priest (Orc:1)
  2 wizards
  5 unseen horrors
  6 sea snakes
  A wolf spider zombie (D:12)
  An orc knight (D:15)
  22 wolf spiders
  5 harpies (Shoals:2)
  2 necromancers
  14 orb spiders
  3 oklob plants (Lair:5)
  5 orc sorcerers
  5 fauns
  23 ugly things
  4 deep elf magi
  12 manticores
  A moth of wrath (Spider:3)
  10 cyclopes
  6 elephants (Lair:5)
  4 black mambas
  6 water nymphs
  7 merfolk sirens
  7 spiny frogs
  2 torpor snails
  A smoke demon (Gauntlet)
  2 ice statues (IceCv)
  A rime drake (Lair:4)
  6 komodo dragons
  A redback zombie (D:15)
  9 demonic crawlers
  2 wind drakes
  3 meliai (Spider:2)
  28 merfolk
  A tengu conjurer (D:15)
  A polar bear (shapeshifter) (D:13)
  17 polar bears
  3 hornets
  7 trolls
  20 jumping spiders
  A queen bee (Spider:2)
  A meliai zombie (D:13)
  4 blink frogs (Lair:6)
  5 slime creatures (D:12)
  7 snapping turtles
  7 hippogriffs
  4 flying skulls (D:13)
  79 redbacks
  5 shadows
  A spriggan (Lair:2)
  29 tarantellas
  4 wraiths (D:13)
  4 water elementals
  Eustachio (D:4)
  3 wyverns
  62 yaks
  2 basilisks
  3 hungry ghosts
  6 vampire mosquitoes
  4 hogs
  10 wargs
  4 acid dragons
  Duvessa (D:6)
  2 floating eyes (D:13)
  7 water moccasins
  46 orc warriors
  3 porcupines
  4 sky beasts
  A hornet zombie (D:15)
  5 ice beasts
  3 black bears
  An eye of draining (D:14)
  11 ogres
  A phantom (D:12)
  22 centaurs
  28 wolves
  9 crocodiles
  A wyvern zombie (D:13)
  3 big kobolds
  17 bullfrogs
  Dowan (D:6)
  4 scorpions
  A wyvern skeleton (D:13)
  15 killer bees
  8 wights
  11 crimson imps
  2 electric eels
  4 howler monkeys
  9 centaur zombies
  A quasit (D:6)
  4 bullfrog zombies
  7 hounds
  4 jellies
  Crazy Yiuf (D:6)
  21 orc priests
  7 bullfrog skeletons
  9 centaur skeletons
  6 iguanas
  28 orc wizards
  14 worker ants
  A killer bee zombie (D:5)
  A hound skeleton (D:4)
  8 mummies (Ossuary)
  Robin (D:2)
  4 gnolls (D:5)
  9 adders
  2 shadow imps
  3 white imps (D:13)
  An ufetubus (D:13)
  4 adder zombies
  3 worms
  A dart slug (D:1)
  13 leopard geckos
  112 orcs
  7 bats
  A giant cockroach (D:2)
  A gnoll zombie (Ossuary)
  15 goblins
  6 hobgoblins
  22 kobolds
  3 quokkas
  A ball python (D:4)
  2 frilled lizards
  A giant cockroach zombie (D:5)
  A hobgoblin zombie (Ossuary)
  4 kobold zombies (Ossuary)
  2 orc zombies (Ossuary)
  5 rats
  A rat zombie (D:5)
  A fungus (Lair:3)
  8 plants
  5 tentacles
1145 creatures vanquished.

Vanquished Creatures (collateral kills)
  A merfolk (Shoals:3)
  A wind drake (Shoals:4)
  2 dream sheep (Shoals:4)
  A centaur (Shoals:4)
5 creatures vanquished.

Vanquished Creatures (others)
  Ilsuiw (Shoals:3)
  A cyclops (Shoals:1)
  A faun (Shoals:1)
  A tarantella (Spider:4)
  An orc warrior (Orc:2)
  2 centaurs
  4 fungi
  22 plants
  49 tentacles
82 creatures vanquished.

Grand Total: 1232 creatures vanquished

Notes
Turn   | Place    | Note
-------+----------+-------------------------------------------
     0 | D:1      | Inarius the Human Earth Elementalist began the quest for
                  | the Orb.
     0 | D:1      | Reached XP level 1. HP: 13/13 MP: 3/3
   417 | D:1      | Reached XP level 2. HP: 5/19 MP: 3/5
  1083 | D:2      | Identified the +0 helmet "Ypuom" {Dex+7}
  1083 | D:2      | Noticed Robin
  1112 | D:1      | Reached XP level 3. HP: 18/24 MP: 1/6
  1117 | D:1      | Learned a level 3 spell: Stone Arrow
  1383 | D:2      | Killed Robin
  2079 | D:3      | Reached XP level 4. HP: 29/31 MP: 4/7
  2092 | D:3      | Reached skill level 4 in Earth Magic
  2235 | D:3      | Found a hazy altar of Hepliaklqana,
  2610 | D:3      | Found an opulent altar of Gozag,
  2738 | D:4      | Reached XP level 5. HP: 36/36 MP: 1/8
  3153 | D:4      | Found a hide-covered altar of Uskayaw,
  3155 | D:4      | Found an ancient bone altar of Kikubaaqudgha,
  3159 | D:4      | Found a bloodstained altar of Trog,
  3461 | D:4      | Noticed Eustachio
  3463 | D:4      | Reached skill level 5 in Earth Magic
  3471 | D:4      | Killed Eustachio
  3471 | D:4      | Reached skill level 1 in Short Blades
  3471 | D:4      | Reached skill level 1 in Evocations
  3471 | D:4      | Reached XP level 6. HP: 31/42 MP: 1/10
  3616 | D:5      | Entered Level 5 of the Dungeon
  3642 | D:5      | Noticed a sky beast
  3645 | D:5      | Noticed an ogre
  3657 | D:4      | Reached skill level 1 in Conjurations
  3706 | D:5      | Found Jemoeghepro's Antique Weapon Shoppe,
  3712 | D:5      | Bought a smoking scimitar for 153 gold pieces
  3712 | D:5      | Identified the +6 scimitar of Boazuc {protect, Dex+4} (You
                  | bought it in a shop on level 5 of the Dungeon)
  3811 | D:5      | Reached XP level 7. HP: 47/47 MP: 11/11
  3886 | D:5      | Found a sand-covered staircase,
  3901 | Ossuary  | Entered an ossuary
  4025 | Ossuary  | Reached skill level 1 in Long Blades
  4224 | D:5      | Reached skill level 1 in Fighting
  4317 | D:5      | Learned a level 5 spell: Lee's Rapid Deconstruction
  4328 | D:5      | Learned a level 4 spell: Petrify
  4341 | D:5      | Reached skill level 6 in Earth Magic
  4356 | D:5      | Found an opulent altar of Gozag,
  4593 | D:5      | Reached XP level 8. HP: 54/54 MP: 2/13
  5302 | D:6      | Found a runed translucent door,
  5303 | D:6      | Noticed Crazy Yiuf
  5434 | D:6      | Reached skill level 7 in Earth Magic
  5464 | D:6      | Found an ornate altar of the Wu Jian Council,
  5775 | D:6      | Reached XP level 9. HP: 44/62 MP: 6/16
  5879 | D:6      | Reached skill level 5 in Spellcasting
  5986 | D:6      | Reached skill level 8 in Earth Magic
  6222 | D:6      | Noticed Duvessa
  6222 | D:6      | Noticed Dowan
  6244 | D:6      | Killed Duvessa
  6248 | D:6      | Killed Dowan
  6417 | D:6      | Killed Crazy Yiuf
  6487 | D:5      | Bought an ichor-stained hand axe for 136 gold pieces
  6487 | D:5      | Identified the +4 hand axe of Ciwereem {flame, Dex+6} (You
                  | bought it in a shop on level 5 of the Dungeon)
  6610 | D:7      | Found a flagged portal,
  6642 | Bailey   | Entered a bailey
  6657 | Bailey   | Reached skill level 9 in Earth Magic
  7173 | Bailey   | Reached XP level 10. HP: 23/70 MP: 6/19
  7972 | Bailey   | Identified the +3 bardiche of Supply {vorpal, *Contam Str+3
                  | SInv Stlth+}
  8623 | Bailey   | Reached skill level 10 in Earth Magic
  9181 | D:7      | Found Rimud's Book Shop,
  9271 | D:7      | Reached skill level 1 in Armour
  9346 | D:7      | Found a staircase to the Ecumenical Temple,
  9470 | Temple   | Entered the Ecumenical Temple
  9529 | Temple   | Became a worshipper of Vehumet
 11095 | D:9      | Reached XP level 11. HP: 57/77 MP: 20/22
 11193 | D:9      | Found a staircase to the Lair,
 11216 | D:9      | Reached * piety under Vehumet
 11216 | D:9      | Offered knowledge of Magic Dart by Vehumet.
 11229 | D:9      | Found a staircase to the Orcish Mines,
 11255 | D:9      | Reached skill level 11 in Earth Magic
 11649 | D:9      | Found a blossoming altar of Fedhas,
 11649 | D:9      | Found a faded altar of an unknown god,
 11654 | D:9      | Found a glowing golden altar of the Shining One,
 11656 | D:9      | Found a snail-covered altar of Cheibriados,
 11657 | D:9      | Found a faded altar of an unknown god,
 11811 | D:10     | Entered Level 10 of the Dungeon
 12035 | D:10     | Reached skill level 5 in Armour
 12115 | D:10     | Got a crystal falchion
 12120 | D:10     | Identified the cursed +3 falchion of Excruciating Pain
                  | {flame, Int+2} (You found it on level 10 of the Dungeon)
 12142 | D:10     | Offered knowledge of Shock by Vehumet.
 12336 | D:10     | Reached ** piety under Vehumet
 12458 | D:10     | Paralysed by a hornet for 2 turns
 13117 | D:11     | Noticed a cyclops
 13175 | D:11     | Killed a cyclops
 13359 | D:11     | Killed an unseen horror
 13371 | D:11     | Noticed a manticore
 13371 | D:11     | Noticed a five-headed hydra
 13380 | D:11     | Killed a five-headed hydra
 13380 | D:11     | Reached skill level 12 in Earth Magic
 13380 | D:11     | Reached XP level 12. HP: 84/84 MP: 1/24
 13854 | D:11     | Noticed a two-headed ogre
 13866 | D:11     | Killed a two-headed ogre
 13866 | D:11     | Offered knowledge of Conjure Flame by Vehumet.
 14304 | D:11     | Got a scorched marble ring
 14378 | D:11     | Got an ichor-stained great sword
 14379 | D:11     | Identified the +2 great sword of the Inferno {vorpal, rElec
                  | rF+ Dex+4} (You found it on level 11 of the Dungeon)
 14429 | D:11     | Noticed an eight-headed hydra
 14438 | D:11     | Killed an eight-headed hydra
 14438 | D:11     | Reached *** piety under Vehumet
 14449 | D:11     | Reached skill level 5 in Fighting
 15316 | D:11     | Killed an unseen horror
 15384 | D:11     | Reached skill level 5 in Long Blades
 15390 | D:11     | Killed an unseen horror
 15743 | Lair:1   | Entered Level 1 of the Lair of Beasts
 15744 | Lair:1   | Found a gate leading to a gauntlet,
 15755 | Gauntlet | Entered a Gauntlet
 15755 | Gauntlet | Found a transporter,
 15755 | Gauntlet | Found a transporter,
 15755 | Gauntlet | Noticed a sixfirhy
 15756 | Gauntlet | Found a transporter,
 15756 | Gauntlet | Found a transporter,
 15759 | Gauntlet | Found a transporter,
 15770 | Gauntlet | Found a transporter,
 15793 | Gauntlet | Found a transporter,
 15795 | Gauntlet | Noticed a death ooze
 15812 | Gauntlet | Found a transporter,
 15829 | Gauntlet | Found a transporter,
 15837 | Gauntlet | Found a transporter,
 15855 | Gauntlet | Found a transporter,
 15892 | Gauntlet | Noticed a sixfirhy
 15906 | Gauntlet | Noticed an entropy weaver
 15907 | Gauntlet | Found a transporter,
 16009 | Gauntlet | Got a shimmering lead ring
 16011 | Gauntlet | Identified the ring "Ucvykakh" {*Drain MR+ MP+9 Int+7} (You
                  | found it in a Gauntlet)
 16013 | Gauntlet | Identified the ring "Hyrul" {rF+ Stlth-} (You found it on
                  | level 11 of the Dungeon)
 16091 | Gauntlet | Paralysed by a hornet for 3 turns
 16575 | Gauntlet | Identified the cursed +0 shortbow of the Special Tables
                  | {speed, rN+ Str+4 Dex-4}
 16575 | Gauntlet | Noticed a minotaur
 16592 | Gauntlet | Killed a minotaur
 16592 | Gauntlet | Reached skill level 13 in Earth Magic
 16599 | Gauntlet | Found the +7 pair of quick blades "Gyre" and "Gimble"
                  | {protect}
 16606 | Gauntlet | Got a pair of scorched boots
 16613 | Gauntlet | Identified the cursed +0 pair of boots of Comp {+Blink}
                  | (You found it in a Gauntlet)
 16630 | Gauntlet | Got a pitted leather armour
 16642 | Gauntlet | Identified the +3 leather armour of Pubropec {rElec rF-
                  | Str-2 Dex+6} (You found it in a Gauntlet)
 16659 | Gauntlet | Got a transparent hand crossbow
 16661 | Gauntlet | Identified the +7 hand crossbow "Mautsiev" {vorpal, +Inv
                  | Dex+4} (You found it in a Gauntlet)
 16804 | Lair:1   | Offered knowledge of Frozen Ramparts by Vehumet.
 16804 | Lair:1   | Reached XP level 13. HP: 91/91 MP: 26/26
 17662 | Lair:2   | Found a frozen archway,
 17671 | IceCv    | Entered an ice cave
 17682 | IceCv    | Reached skill level 1 in Shields
 17693 | IceCv    | Reached **** piety under Vehumet
 17693 | IceCv    | Reached skill level 5 in Dodging
 17737 | IceCv    | Offered knowledge of Hailstorm by Vehumet.
 17841 | IceCv    | Learned a level 4 spell: Hailstorm
 18315 | IceCv    | Noticed a frost giant
 18352 | IceCv    | Reached skill level 14 in Earth Magic
 18419 | IceCv    | Killed a frost giant
 18419 | IceCv    | Reached skill level 10 in Armour
 18419 | IceCv    | Reached skill level 10 in Spellcasting
 19232 | Lair:2   | Found a hole to the Spider Nest,
 19937 | Lair:3   | Found a runed translucent door,
 19937 | Lair:3   | Noticed zkyp's ghost (journeyman DsAM)
 19972 | Lair:3   | Reached XP level 14. HP: 98/98 MP: 28/28
 20180 | Lair:3   | Reached ***** piety under Vehumet
 20185 | Lair:3   | Reached skill level 5 in Conjurations
 20193 | Lair:3   | Offered knowledge of Freezing Cloud by Vehumet.
 20349 | Lair:3   | Noticed Snorg
 20353 | Lair:3   | Killed Snorg
 20899 | Lair:4   | Found a staircase to the Shoals,
 21711 | Lair:5   | Noticed Rupert
 22007 | Lair:5   | HP: 3/99 [Rupert/+2 battleaxe of electrocution (10)]
 22008 | Lair:5   | Killed Rupert
 22008 | Lair:5   | Reached skill level 5 in Evocations
 22246 | Lair:5   | Learned a level 2 spell: Blink
 22686 | Lair:6   | Entered Level 6 of the Lair of Beasts
 22717 | Lair:6   | Learned a level 6 spell: Iron Shot
 22764 | Lair:6   | Reached skill level 15 in Earth Magic
 22769 | Lair:6   | Found a staircase to the Slime Pits,
 22769 | Lair:6   | Found a viscous altar of Jiyva,
 22774 | Lair:6   | Reached skill level 1 in Translocations
 23130 | Lair:6   | Got an ichor-stained mace
 23131 | Lair:6   | Identified the +5 mace of Generosity {vorpal, Dex+2} (You
                  | found it on level 6 of the Lair of Beasts)
 23152 | Lair:6   | Found a runed translucent gate,
 23154 | Lair:6   | Found a runed translucent gate,
 23155 | Lair:6   | Found a runed translucent gate,
 23156 | Lair:6   | Noticed Usuyrph's ghost (journeyman CeBe)
 23156 | Lair:6   | Noticed Iblaz's ghost (journeyman OpHu)
 23544 | Lair:6   | Reached XP level 15. HP: 88/105 MP: 8/30
 23990 | Lair:6   | Identified Duruw's Guide on Sinister Beguiling
 24271 | Lair:3   | Killed zkyp's ghost
 24363 | Orc:1    | Entered Level 1 of the Orcish Mines
 24366 | Orc:1    | Offered knowledge of Fireball by Vehumet.
 24751 | Orc:1    | Noticed an orc warlord
 24775 | Orc:1    | Killed an orc warlord
 25050 | Orc:2    | Entered Level 2 of the Orcish Mines
 25060 | Orc:2    | Found a staircase to the Elven Halls,
 25174 | Orc:2    | Found a roughly hewn altar of Beogh,
 25288 | Orc:2    | Noticed Saint Roka
 25300 | Orc:2    | Killed Saint Roka
 25628 | Orc:2    | Offered knowledge of Ozocubu's Refrigeration by Vehumet.
 25657 | Orc:2    | Found a roughly hewn altar of Beogh,
 25662 | Orc:2    | Found Ohio's General Store,
 25674 | Orc:2    | Bought a potion of heal wounds for 70 gold pieces
 25759 | Orc:2    | Found a roughly hewn altar of Beogh,
 25816 | Orc:2    | Found a roughly hewn altar of Beogh,
 25919 | Orc:2    | Found Fanlomyqun's Antique Weapon Boutique,
 25920 | Orc:2    | Found a roughly hewn altar of Beogh,
 25923 | Orc:2    | Found Buityma's Antique Armour Shop,
 26006 | Orc:2    | Found a roughly hewn altar of Beogh,
 26044 | Orc:2    | Found a roughly hewn altar of Beogh,
 26060 | Orc:2    | Found Souluese's Weapon Boutique,
 26097 | Orc:2    | Found a roughly hewn altar of Beogh,
 26171 | Orc:2    | Bought a jade-encrusted ring mail for 207 gold pieces
 26182 | Orc:2    | Identified the +3 ring mail "Recorae" {Str+4} (You bought
                  | it in a shop on level 2 of the Orcish Mines)
 26194 | Orc:2    | Bought a shiny tower shield for 172 gold pieces
 26194 | Orc:2    | Bought a pair of glowing gloves for 172 gold pieces
 26281 | Orc:2    | Bought the +5 scale mail of Autotheism {+Inv rC++ rCorr}
                  | for 925 gold pieces
 27387 | D:12     | Reached skill level 16 in Earth Magic
 27693 | D:13     | Reached XP level 16. HP: 111/111 MP: 30/31
 28432 | D:13     | Paralysed by a floating eye for 2 turns
 29044 | D:13     | Found a gate to the Vaults,
 29279 | D:14     | Offered knowledge of Iskenderun's Battlesphere by Vehumet.
 29856 | D:14     | Reached ****** piety under Vehumet
 29979 | D:14     | Found Kieptod's Gadget Shop,
 30143 | D:15     | Entered Level 15 of the Dungeon
 30157 | D:15     | Noticed Agnes
 30174 | D:15     | Killed Agnes
 30347 | D:15     | Found a staircase to the Depths,
 30501 | D:15     | Found a glowing golden altar of the Shining One,
 30584 | D:15     | Reached XP level 17. HP: 118/118 MP: 12/33
 31512 | Shoals:1 | Entered Level 1 of the Shoals
 31512 | Shoals:1 | Found Wyinaym's Weapon Emporium,
 31541 | Lair:4   | Reached skill level 17 in Earth Magic
 32445 | Shoals:1 | Noticed Kirke
 32463 | Shoals:1 | Killed Kirke
 32835 | Shoals:1 | Offered knowledge of Spellforged Servitor by Vehumet.
 33351 | Shoals:1 | Learned a level 7 spell: Spellforged Servitor
 33361 | Shoals:1 | Learned a level 9 spell: Shatter
 33478 | Shoals:2 | Found Remmo's Book Shop,
 33885 | Shoals:2 | Noticed a kraken
 33956 | Shoals:2 | Killed a kraken
 34136 | Shoals:2 | Identified a scroll of acquirement
 34136 | Shoals:2 | Identified the amulet of the Saviour {RegenMP MR++ Slay+3
                  | Stlth-} (You acquired it on level 2 of the Shoals)
 34297 | Shoals:2 | Got an encrusted cloak
 34308 | Shoals:2 | Identified the cursed +0 cloak of the Miller {rC++} (You
                  | found it on level 2 of the Shoals)
 34326 | Shoals:2 | Bought a manual of Spellcasting for 1324 gold pieces
 34454 | Shoals:3 | Noticed a kraken
 34454 | Shoals:3 | Noticed a kraken
 34607 | Shoals:3 | Noticed Ilsuiw
 34733 | Shoals:3 | Identified the ring of Saschuto {Wiz rN++ Str+3}
 34740 | Shoals:3 | Killed Ilsuiw
 34764 | Shoals:3 | Found Joluasat's Assorted Antiques,
 35230 | Shoals:3 | Reached skill level 18 in Earth Magic
 35592 | Shoals:3 | Noticed a kraken
 35609 | Shoals:3 | Killed a kraken
 35776 | Shoals:3 | Reached XP level 18. HP: 125/125 MP: 30/35
 35969 | Shoals:3 | Noticed a kraken
 36513 | Spider:1 | Entered Level 1 of the Spider Nest
 36518 | Spider:1 | Reached skill level 10 in Conjurations
 37051 | Spider:1 | Offered knowledge of Conjure Ball Lightning by Vehumet.
 37085 | Spider:1 | You fall into a shaft and drop 1 floor!
 37261 | Spider:1 | Reached skill level 5 in Shields
 37376 | Spider:1 | Got an iridescent hand axe
 37533 | Spider:1 | Identified the cursed +2 hand axe of Wyrd {drain, Dex+3}
                  | (You found it on level 1 of the Spider Nest)
 37850 | Spider:2 | Noticed Arachne
 37872 | Spider:2 | Killed Arachne
 39456 | Spider:3 | Reached skill level 19 in Earth Magic
 39577 | Spider:3 | Offered knowledge of Orb of Destruction by Vehumet.
 39860 | Spider:4 | Entered Level 4 of the Spider Nest
 40537 | Spider:3 | Reached XP level 19. HP: 60/131 MP: 37/37
 41165 | Spider:4 | Reached skill level 15 in Spellcasting
 41820 | Spider:4 | Got a gossamer rune of Zot
 42063 | Shoals:4 | Entered Level 4 of the Shoals
 42589 | Shoals:4 | Hit by a javelin thrown by a merfolk javelineer

Levels and vault maps discovered:
D:1:      dpeg_arrival_boxes_within_box, layout_basic
D:2:      layout_basic, first_ration, uniq_robin
D:3:      layout_rooms, lemuel_round_altar, overflow_temple_1_default
D:4:      layout_basic, grunt_temple_overflow_open, uniq_eustachio
D:5:      minmay_recursive_quarters, layout_layer_cave, enter_ossuary_3,
          serial_shops, nicolae_shop_statue_plus, minmay_ruined_shrine
D:6:      layout_basic, lemuel_doored_altar, uniq_crazy_yiuf_cottage,
          uniq_duvessa
D:7:      layout_basic, minmay_temple_entry_fiery, serial_shops,
          nicolae_shop_trees, enter_bailey_3
D:8:      layout_basic
D:9:      layout_irregular_city, chequers_temple_overflow_minitemple,
          erik_lair_orcish_takeover, orc_0_dummy, lightli_orcish_oven
D:10:     layout_basic
D:11:     layout_long_grid, grunt_ogre_cave
D:12:     layout_cave_pods, item_on_display_a
D:13:     hangedman_screamer, layout_loops_ring, david_vaults_5, serial_ice,
          serial_ice_b, serial_ice_i, serial_ice_e, serial_ice_a,
          onia_ninara_cookie
D:14:     layout_basic, hangedman_abyss_or_decor_stagger, serial_shops,
          shop_statue
D:15:     grunt_enter_depths_hoard, layout_irregular_city,
          nicolae_tso_carved_into_rock, uniq_agnes
Temple:   nicolae_temple_god_jail
Lair:1:   layout_roguey, gauntlet_entry_generic, minivault_24
Lair:2:   layout_small_grid, spider_nest_entry_rubble,
          portal_ice_cave_entry_pillars_1, forest_entry_grove,
          infiniplex_staircase_pool, lemuel_fruit_fields, lemuel_fruit_fields
Lair:3:   layout_long_grid, ebering_ghost_reflecting_pool, grunt_megastairs_1,
          infiniplex_staircase_pool_2, uniq_snorg
Lair:4:   layout_cave_pods, elwin_shoals_entry_rooms
Lair:5:   layout_roguey, dpeg_oklob_1, uniq_rupert
Lair:6:   evilmike_catoblepas_cave, layout_long_grid, slime_altar_1,
          gammafunk_ghost_cemetery
Shoals:1: layout_shoals, serial_shops, nicolae_shop_trees, st_cyclops,
          uniq_kirke
Shoals:2: layout_shoals, serial_shops, nicolae_shop_competitors_out_of_business
Shoals:3: layout_shoals, serial_shops, nicolae_shop_statue_plus,
          nicolae_shoals_kraken_party, uniq_ilsuiw
Shoals:4: shoals_end_hangedman, layout_shoals, nicolae_shoals_isolated_beach
Spider:1: layout_spider_delve
Spider:2: layout_spider_delve, special_room [special_room_bee], uniq_arachne
Spider:3: layout_spider_delve, guppyfry_spider_mini_1
Spider:4: grunt_spider_rune_circles
Orc:1:    layout_caves
Orc:2:    grunt_orc_community_town_hall, layout_caves,
          grunt_orc_community_big_house_2, grunt_orc_community_big_house_2,
          grunt_orc_community_house_3, grunt_orc_community_house_1,
          grunt_orc_community_house_1, grunt_orc_community_house_3,
          grunt_orc_community_house_2, grunt_orc_community_house_3

Skill      XL: |  1  2  3  4  5  6  7  8  9 10 11 12 13 14 15 16 17 18 19 |
---------------+----------------------------------------------------------+-----
Earth Magic    | 4 5 6 7 9 10 12 13 14 15 16 18 19 | 19.7
Short Blades   | 1 |  1.4
Spellcasting   | 3 4 6 7 8 9 10 11 12 13 14 15 | 15.4
Evocations     | 1 2 3 4 5 6 7 8 |  8.0
Conjurations   | 1 2 3 4 6 7 8 9 10 11 | 11.1
Long Blades    | 2 4 5 6 |  6.9
Fighting       | 1 2 3 4 5 6 7 |  7.0
Dodging        | 3 4 5 6 7 |  7.2
Armour         | 3 7 9 10 11 12 | 12.1
Shields        | 2 3 4 5 |  5.7
Translocations | 2 4 |  4.2
Staves         | |  0.2
Stealth        | |  2.0
Transmutations | |  1.0
Ice Magic      | |  0.9

Action                   |  1- 3 |  4- 6 |  7- 9 | 10-12 | 13-15 | 16-18 | 19-21 || total
-------------------------+-------+-------+-------+-------+-------+-------+-------++-------
Melee: Short sword       |    89 |    56 |       |       |       |       |       ||   145
       Unarmed           |     3 |       |       |       |       |       |       ||     3
       Scimitar          |       |     7 |   115 |   270 |   540 |   297 |     5 ||  1234
       Rapier            |       |     2 |       |       |       |       |       ||     2
       Falchion          |       |       |       |     3 |       |       |       ||     3
       Staff             |       |       |       |       |       |    73 |    28 ||   101
Throw: Boomerang         |       |       |     1 |       |       |       |       ||     1
 Cast: Sandblast         |    15 |    17 |    36 |    65 |     9 |       |       ||   142
       Stone Arrow       |     4 |    15 |    45 |    56 |   101 |    20 |       ||   241
       Lee's Rapid Decon |       |       |     4 |    81 |   186 |   322 |    46 ||   639
       Petrify           |       |       |       |     1 |     1 |     2 |       ||     4
       Iron Shot         |       |       |       |       |    23 |   201 |    55 ||   279
       Hailstorm         |       |       |       |       |    17 |    16 |     8 ||    41
       Blink             |       |       |       |       |     1 |     1 |       ||     2
Evoke: Wand              |       |     3 |    13 |    16 |    15 |    30 |     9 ||    86
       Lightning rod     |       |       |       |       |       |     8 |       ||     8
       Phantom mirror    |       |       |       |       |       |     1 |       ||     1
  Use: Scroll            |       |       |    18 |     4 |    11 |    15 |       ||    48
       Potion            |       |       |       |     3 |     1 |     2 |     7 ||    13
 Stab: Sleeping          |     2 |     4 |     1 |     2 |     6 |       |       ||    15
       Distracted        |       |       |       |     2 |     1 |     1 |       ||     4
       Paralysed         |       |       |       |       |     7 |    10 |       ||    17
       Petrifying        |       |       |       |       |     2 |       |       ||     2
       Petrified         |       |       |       |       |     1 |       |       ||     1
  Eat: Chunk             |     4 |     8 |    15 |    30 |    60 |    71 |     2 ||   190
       Ration            |       |       |       |     6 |       |     4 |     3 ||    13
Armor: Robe              |    34 |    21 |    30 |     2 |       |       |       ||    87
       Leather armour    |       |       |       |    84 |       |    15 |       ||    99
       Troll leather arm |       |       |       |    11 |   227 |   202 |    50 ||   490
Dodge: Dodged            |    83 |    47 |   105 |   260 |   302 |   317 |    76 ||  1190
Block: Other             |     2 |       |    12 |    21 |       |       |       ||    35
       Reflection        |       |       |       |     4 |    11 |    43 |     9 ||    67
       Kite shield       |       |       |       |    14 |   404 |   414 |    43 ||   875
       Rpst.: Scimitar   |       |       |    29 |    58 |    70 |    40 |     3 ||   200
       Falchion          |       |       |       |     1 |       |       |       ||     1

Table legend:
 A = Non-vault XP
 B = Vault XP
 C = Vault XP percentage of total XP
 D = Non-vault monster count
 E = Vault monster count
 F = Vault count percentage of total count
                 A         B        C        D         E       F
            +---------+---------+-------+---------+---------+-------
      Total |  182801 |  114413 |  38.5 |     734 |     408 |  35.7
            +---------+---------+-------+---------+---------+-------
        D:1 |      14 |      10 |  41.7 |       8 |       5 |  38.5
        D:2 |      10 |      28 |  73.7 |       7 |       8 |  53.3
        D:3 |      52 |       0 |   0.0 |      18 |       0 |   0.0
        D:4 |     141 |     222 |  61.2 |      11 |       2 |  15.4
        D:5 |     209 |     641 |  75.4 |      12 |      11 |  47.8
        D:6 |     908 |     268 |  22.8 |      20 |       3 |  13.0
        D:7 |     894 |       7 |   0.8 |      22 |       4 |  15.4
        D:8 |    1052 |       0 |   0.0 |      21 |       0 |   0.0
        D:9 |    1381 |     820 |  37.3 |      29 |      15 |  34.1
       D:10 |    3818 |       0 |   0.0 |      36 |       0 |   0.0
       D:11 |    9190 |     511 |   5.3 |      50 |       1 |   2.0
       D:12 |    9134 |       0 |   0.0 |      39 |       0 |   0.0
       D:13 |    6184 |   13700 |  68.9 |      21 |      61 |  74.4
       D:14 |   12094 |       0 |   0.0 |      29 |       0 |   0.0
       D:15 |   13760 |    4172 |  23.3 |      35 |       3 |   7.9
     Lair:1 |    4685 |       0 |   0.0 |      23 |       0 |   0.0
     Lair:2 |    3069 |    1327 |  30.2 |       9 |       8 |  47.1
     Lair:3 |    4723 |    3283 |  41.0 |      18 |       5 |  21.7
     Lair:4 |    2319 |    1140 |  33.0 |      11 |       4 |  26.7
     Lair:5 |    4267 |    4629 |  52.0 |      11 |       4 |  26.7
     Lair:6 |    4874 |   12098 |  71.3 |      21 |      23 |  52.3
   Shoals:1 |   10727 |    6754 |  38.6 |      25 |      11 |  30.6
   Shoals:2 |   10096 |       0 |   0.0 |      15 |       0 |   0.0
   Shoals:3 |   16799 |    8500 |  33.6 |      35 |       7 |  16.7
   Shoals:4 |    6483 |     745 |  10.3 |      16 |       1 |   5.9
   Spider:1 |   14396 |       0 |   0.0 |      42 |       0 |   0.0
   Spider:2 |   11620 |    5420 |  31.8 |      37 |      13 |  26.0
   Spider:3 |    9897 |    2616 |  20.9 |      33 |      10 |  23.3
   Spider:4 |   12601 |   22178 |  63.8 |      31 |      35 |  53.0
      Orc:1 |    6996 |       0 |   0.0 |      41 |       0 |   0.0
      Orc:2 |     408 |    9736 |  96.0 |       8 |      71 |  89.9
    Ossuary |       0 |     159 | 100.0 |       0 |      16 | 100.0
     Bailey |       0 |    2307 | 100.0 |       0 |      39 | 100.0
      IceCv |       0 |    9888 | 100.0 |       0 |      36 | 100.0
   Gauntlet |       0 |    3254 | 100.0 |       0 |      12 | 100.0
            +---------+---------+-------+---------+---------+-------
